 Dungeon Crawl Stone Soup version 0.31-a0-489-g282fc92437 (webtiles) character file.

Game seed: 8401965460606736922

2 GordonOverkill the Sneak (level 1, -3/16 HPs)
             Began as an Octopode Delver on Aug 8, 2023.
             Slain by a shadow imp (5 damage)
             ... on level 5 of the Dungeon.
             The game lasted 00:00:13 (31 turns).

GordonOverkill the Sneak (Octopode Delver)            Turns: 31, Time: 00:00:14

Health: -3/16      AC:  1    Str: 11    XL:     1   Next: 40%
Magic:  1/1        EV: 13    Int: 12    God:
Gold:   0          SH:  0    Dex: 13    Spells: 0/0 levels left

rFire   . . .        a - +0 short sword
rCold   . . .        (no shield)
rNeg    . . .        (helmet restricted)
rPois   .            (no amulet)
rElec   .            (no ring)
rCorr   .            (no ring)
SInv    .            (no ring)
Will    .....        (no ring)
Stlth   ++++         (no ring)
HPRegen 0.22/turn    (no ring)
MPRegen 0.07/turn    (no ring)
                     (no ring)

%: no passive effects
@: no status effects
A: almost no armour, amphibious, 8 rings, camouflage 1, gelatinous body 1,
(nimble swimmer 1), tentacles
a: no special abilities


You were on level 5 of the Dungeon.
You visited 1 branch of the dungeon, and saw 1 of its levels.

Inventory:

Hand Weapons
 a - a +0 short sword (weapon)
Wands
 f - a wand of digging (3)
Scrolls
 b - a scroll of fog
 c - a scroll of revelation
 d - a scroll of fear
Potions
 e - a potion of haste
 g - a potion of heal wounds {unknown}


   Skills:
 - Level 3.0 Fighting
 + Level 2.2 Short Blades
 - Level 2.0 Dodging
 - Level 6.6 Stealth


You couldn't memorise any spells.
You didn't know any spells.
Your spell library was empty.

Dungeon Overview and Level Annotations

Branches:
Dungeon (5/15)
 Temple: D:4-7

Altars:


Innate Abilities, Weirdness & Mutations

You cannot wear most types of armour.
You are amphibious.
You can wear up to eight rings at the same time.
Your skin changes colour to match your surroundings (Stealth+).
Your rubbery body absorbs attacks. (AC +1, EV +1)
((You are camouflaged when in or above water. (Stealth+)))
You have tentacles for arms and can constrict up to eight enemies at once.


Message History

Welcome, GordonOverkill the Octopode Delver.
You feel drawn to the Orb of Zot, downwards into the unfathomable depths...
Press ? for a list of commands and other information.
Found a stone staircase leading down.
Found a black potion.
A dart slug comes into view.
You see here a black potion.
You catch the helpless dart slug completely off-guard!
You puncture the dart slug! You grab the dart slug.
The dart slug is almost dead.
You constrict the dart slug, but do no damage.
The dart slug bites you.
You hit the dart slug.
You kill the dart slug!
No target in view!
g - a black potion A shadow imp comes into view.
The shadow imp shouts, "Go and return not, thou venomed beetle-headed flirt-gill!"
The shadow imp gestures at you. Pain shoots through your body!
Ouch! That really hurt!
* * * LOW HITPOINT WARNING * * *
You are too injured to fight recklessly!
You hit the shadow imp but do no damage.
You grab the shadow imp. You constrict the shadow imp. The shadow imp hits you.
You die...

. #.# ##.. #..
# #####5##...#
##...@......#
#.......##...
#..###..#
#..###..#
#..#....#
#..#.##.# #
#..#.##.# .#
##..#.##.##.##
#............#


You could see a shadow imp.

Vanquished Creatures
  A dart slug (D:5)
1 creature vanquished.

Notes
Turn   | Place    | Note
-------+----------+-------------------------------------------
     0 | D:5      | GordonOverkill the Octopode Delver began the quest for the
                  | Orb.
     0 | D:5      | Reached XP level 1. HP: 16/16 MP: 1/1
    31 | D:5      | Slain by a shadow imp

Illustrated notes

Levels and vault maps discovered:
D:5:      minmay_octagon_keep, layout_loops_corners, okawaru_gym_becter,
          overflow_temple_1_default, grunt_temple_overflow_open,
          lemuel_crystal_altar, hex_medium, uniq_eustachio

Action                     || total
---------------------------++-------
  Melee: Short sword       ||     3
         Constrict         ||     2
   Stab: Distracted        ||     1

Table legend: (Time is in decaauts)
 A = Elapsed time spent in this place.
 B = Non-inter-level travel time spent in this place.
 C = Inter-level travel time spent in this place.
 D = Time resting spent in this place.
 E = Time spent auto-exploring this place.
 F = Levels seen in this place.
 G = Mean time per level.
                   A        B        C        D        E       F      G
               +--------+--------+--------+--------+--------+-----+--------+
         Total |     30 |     30 |      0 |      0 |      0 |   1 |   30.0 |
       Dungeon |     30 |     30 |      0 |      0 |      0 |   1 |   30.0 |
               +--------+--------+--------+--------+--------+-----+--------+

Top non-repeatable levels by time:
     D:5: 30 daAuts
